 Dungeon Crawl Stone Soup version 0.27-a0-1591-gc56fcc985a (webtiles) character file.

Game seed: 13733774634420080426

46 daftaero the Cudgeller (level 3, -8/51 HPs)
             Began as a Minotaur Berserker on July 19, 2021.
             Was a Believer of Trog.
             Mangled by Sigmund (18 damage)
             ... on level 2 of the Dungeon.
             The game lasted 00:01:58 (694 turns).

daftaero the Cudgeller (Minotaur Berserker)          Turns: 694, Time: 00:01:58

Health: -8/51      AC:  6    Str: 21    XL:     3   Next: 44%
Magic:  2/2        EV: 10    Int:  4    God:    Trog [**....]
Gold:   67         SH:  0    Dex: 10    Spells: 2/2 levels left

rFire    . . .     SeeInvis .   f - +0 flail
rCold    . . .     Faith    .   (no shield)
rNeg     . . .     Spirit   .   g - +0 scale mail
rPois    .         Reflect  .   (helmet restricted)
rElec    .         Harm     .   (no cloak)
rCorr    .         Rampage  .   (no gloves)
Will     .....                  (no boots)
Stlth    ..........             (no amulet)
HPRegen  0.17/turn              (no ring)
MPRegen  0.08/turn              (no ring)

@: confused, berserking (expiring), very quick
A: horns 2, retaliatory headbutt
a: Renounce Religion, Berserk, Trog's Hand


You were on level 2 of the Dungeon.
You worshipped Trog.
Trog was pleased with you.
You visited 1 branch of the dungeon, and saw 2 of its levels.

You collected 67 gold pieces.

Inventory:

Hand Weapons
 f - a +0 flail (weapon)
Armour
 g - a +0 scale mail (worn)
Scrolls
 c - 2 scrolls of identify {unknown}
 d - a scroll of amnesia {unknown}
 e - a scroll of teleportation {unknown}


   Skills:
 + Level 4.6 Fighting
 + Level 4.6 Maces & Flails
 - Level 2.4 Armour
 - Level 2.1 Dodging


You had 2 spell levels left.
You didn't know any spells.
Your spell library was empty.

Dungeon Overview and Level Annotations

Branches:
Dungeon (2/15)

Altars:

Shops:
D:1 :

Annotations:
D:2 Sigmund


Innate Abilities, Weirdness & Mutations

You have a pair of horns on your head.
You reflexively headbutt those who attack you in melee.


Message History

A hobgoblin comes into view.
The hobgoblin shouts!
The hobgoblin hits you.
You sock the hobgoblin!
You kill the hobgoblin!
Trog accepts your kill.
Sigmund shouts!
Sigmund closely misses you.
Sigmund drinks a potion.
Sigmund seems to grow stronger.
Sigmund hits you with a +0 scythe!
A red film seems to cover your vision as you go berserk!
You feel yourself moving faster!
You feel mighty!
A jackal comes into view.
Sigmund misses you.
You barely miss Sigmund.
The jackal barks!
Your headbutt misses Sigmund. Sigmund hits you with a +0 scythe!
You thump Sigmund! Your headbutt misses Sigmund.
Sigmund is moderately wounded.
A jackal comes into view.
Sigmund hits you with a +0 scythe!
* * * LOW HITPOINT WARNING * * *
You thump Sigmund! Your headbutt misses Sigmund.
Sigmund is heavily wounded.
You closely miss Sigmund.
Sigmund is heavily wounded.
Sigmund hits you but does no damage.
Unknown command.
You closely miss Sigmund.
Sigmund is heavily wounded.
Sigmund gestures at you while chanting.
You are confused.
You closely miss Sigmund.
Sigmund is heavily wounded.
You bump into the rock wall.
Sigmund points at you and mumbles some strange words.
You are more confused.
You feel a strong urge to attack something.
Sigmund hits you from afar with a +0 scythe!!
You die...

#.# #.# ....@. #.#
...... #.# #...... #.
#.# ....... #. #.#
....... #. #.# .......
#. #.###.......
######.#####@.@hh......
............#####......
.# ###.##......K.......
.# #.[.........h.....
.# ####.#.#####.. ...
##.## #.#.# ..
###...#######.#.## .
....#......##....##..
###...# #..........#


You could see Sigmund (strong) and 2 jackals.

Vanquished Creatures
  Terence (D:2)
  A dart slug (D:1)
  2 ball pythons (D:2)
  4 endoplasms
  A goblin (D:2)
  3 hobgoblins
  2 kobolds (D:2)
  2 bats (D:2)
  A frilled lizard (D:2)
  4 rats
21 creatures vanquished.

Notes
Turn   | Place    | Note
-------+----------+-------------------------------------------
     0 | D:1      | daftaero the Minotaur Berserker began the quest for the
                  | Orb.
     0 | D:1      | Reached XP level 1. HP: 19/19 MP: 0/0
    51 | D:1      | Found Naismol's Book Emporium.
   288 | D:1      | Found a faded altar of an unknown god.
   377 | D:2      | Noticed Terence
   382 | D:2      | Killed Terence
   383 | D:2      | Reached XP level 2. HP: 28/28 MP: 1/1
   383 | D:2      | Reached XP level 3. HP: 34/34 MP: 2/2
   453 | D:2      | Noticed Sigmund
   616 | D:2      | Reached ** piety under Trog
   694 | D:2      | Mangled by Sigmund

Illustrated notes

Levels and vault maps discovered:
D:1:      lightli_arrival_windingriver, layout_rooms, serial_shops, shop,
          basic_ecumenical_altar
D:2:      layout_loops_ring, wad_floor_pattern_1, uniq_sigmund, uniq_terence

Skill      XL: |  1 |
---------------+----+-----
Fighting       | 4 |  4.6
Maces & Flails | 4 |  4.6
Armour         | |  2.4
Dodging        | |  2.1

Action                   || total
-------------------------++-------
Melee: Mace              ||     9
       Headbutt          ||     5
       Flail             ||    25
Invok: Berserk           ||     2
Armor: Animal skin       ||     2
       Scale mail        ||     5
Dodge: Dodged            ||    23

Table legend: (Time is in decaauts)
 A = Elapsed time spent in this place.
 B = Non-inter-level travel time spent in this place.
 C = Inter-level travel time spent in this place.
 D = Time resting spent in this place.
 E = Time spent auto-exploring this place.
 F = Levels seen in this place.
 G = Mean time per level.
                   A        B        C        D        E       F      G
               +--------+--------+--------+--------+--------+-----+--------+
         Total |    712 |    691 |     21 |     64 |    426 |   2 |  356.0 |
       Dungeon |    712 |    691 |     21 |     64 |    426 |   2 |  356.0 |
               +--------+--------+--------+--------+--------+-----+--------+

Top non-repeatable levels by time:
     D:1: 374 daAuts
     D:2: 338 daAuts
